 Dungeon Crawl Stone Soup version 0.27-a0-1177-g245c70e1c0 (webtiles) character file.

Game seed: 8304846527722388746

115663 EnegeticOcto the Fighter (level 17, -1/129 HPs)
             Began as a Djinni Summoner on May 11, 2021.
             Was a High Priest of Elyvilon.
             Slain by a nagaraja
             ... wielding a +0 whip
              (15 damage)
             ... on level 4 of the Snake Pit on May 16, 2021.
             The game lasted 01:13:27 (28918 turns).

EnegeticOcto the Fighter (Djinni Summoner)         Turns: 28918, Time: 01:13:28

Health: -1/129     AC: 16    Str: 13    XL:     17   Next: 24%
Gold:   564        EV:  9    Int: 32    God:    Elyvilon [*****.] SH:  5 Dex: 16

rFire    + + .     SeeInvis .   U - staff of cold
rCold    + . .     Faith    .   I - +0 buckler
rNeg     + . .     Spirit   .   x - +2 ring mail {rC+}
rPois    ∞         Reflect  .   q - +2 hat of the Echidna {rN+ Int+4}
rElec    .         Harm     .   D - +2 cloak
rCorr    .         Rampage  .   i - +2 pair of gloves
Will     +....     NoTele   +   (boots unavailable)
Stlth    +.........             w - amulet of regeneration
HPRegen  1.31/turn              s - +6 ring of strength
MPRegen  0.00/turn              R - +6 ring of intelligence

@: untranslocatable, flying, very slightly contaminated, constricted, studying
Evocations
A: sickness immunity, fire resistance 2, cold vulnerability 1, float, innate
caster, hp casting, extra vitality 1
a: Renounce Religion, Lesser Healing, Heal Other, Purification, Greater Healing,
Divine Vigour, Divine Protection


You were on level 4 of the Snake Pit.
You worshipped Elyvilon.
Elyvilon was extremely pleased with you.
You visited 5 branches of the dungeon, and saw 28 of its levels.

You collected 2663 gold pieces.
You spent 2099 gold pieces at shops.

Inventory:

Hand Weapons
 u - a +7 trident of protection
   (You found it on level 3 of the Dungeon)
 z - a +1 flail of distortion
   (You took it off an orc on level 4 of the Dungeon)
 B - the +10 dagger "Fish" {elec, *Rage +Blink rElec Str+5}
   (You bought it in a shop on level 2 of the Orcish Mines)

   Occasionally, upon striking a foe, it can discharge electrical energy and
   cause terrible harm.
   It affects your strength (+5).
   It insulates you from electricity.
   It lets you blink.
   It may make you go berserk in combat.
 V - the +5 flail of the Howling Sybil {holy, Fragile rC+++ Str+4 SInv}
   (You found it on level 2 of the Lair of Beasts)

   It has been blessed by the Shining One to cause great damage to the undead
   and demons.
   It affects your strength (+4).
   It renders you almost immune to cold.
   It lets you see invisible.
   It will be destroyed if unequipped.
Missiles
 f - 3 throwing nets {!f}
 L - 6 curare-tipped darts
Armour
 i - a +2 pair of gloves (worn)
   (You bought it in a shop on level 10 of the Dungeon)
 q - the +2 hat of the Echidna (worn) {rN+ Int+4}
   (You acquired it on level 5 of the Lair of Beasts)

   It affects your intelligence (+4).
   It protects you from negative energy.
 x - a +2 ring mail of cold resistance (worn)
   (You found it on level 4 of the Dungeon)
 D - a +2 cloak (worn)
   (You bought it in a shop on level 2 of the Orcish Mines)
 I - a +0 buckler (worn)
   (You took it off a gnoll sergeant on level 8 of the Dungeon)
Magical Staves
 H - a staff of air
   (You found it on level 8 of the Dungeon)
 U - a staff of cold (weapon)
   (You found it on level 2 of the Lair of Beasts)
Jewellery
 k - a ring of ice
   (You found it on level 5 of the Lair of Beasts)
 s - a +6 ring of strength (left hand)
   (You found it on level 3 of the Dungeon)
 w - an amulet of regeneration (around neck)
   (You found it on level 4 of the Dungeon)
 R - a +6 ring of intelligence (right hand)
   (You found it on level 1 of the Lair of Beasts)
 T - a ring of fire
   (You found it on level 5 of the Lair of Beasts)
Wands
 c - a wand of flame (62) {@v4}
   (You found it on level 3 of the Lair of Beasts)
 r - a wand of charming (7)
   (You found it on level 5 of the Lair of Beasts)
 J - a wand of digging (11) {@v3}
   (You took it off a gnoll on level 8 of the Dungeon)
 K - a wand of polymorph (16)
   (You found it on level 11 of the Dungeon)
 M - a wand of mindburst (9)
   (You found it on level 9 of the Dungeon)
 N - a wand of iceblast (41) {@v2}
   (You found it on level 9 of the Dungeon)
 Q - a wand of paralysis (33)
   (You found it on level 1 of the Lair of Beasts)
 S - a wand of acid (12) {@v1}
   (You found it on level 2 of the Lair of Beasts)
Scrolls
 a - a scroll of fog {!r}
 d - 4 scrolls of vulnerability
 l - a scroll of holy word
 t - 3 scrolls of enchant weapon
 v - 3 scrolls of teleportation {@r3 !r}
 y - 9 scrolls of blinking {@r4}
 C - 5 scrolls of magic mapping {@r5 !r}
 F - 3 scrolls of immolation
 Z - a scroll of summoning
Potions
 e - 3 potions of cancellation
 g - 8 potions of brilliance
 h - 2 potions of ambrosia
 j - 5 potions of haste {@q4 !q}
 n - 3 potions of invisibility
 o - 3 potions of attraction
 p - a potion of berserk rage
 A - 9 potions of curing {@q1 !q}
 E - 3 potions of lignification {@q6}
 O - 2 potions of might {@q3 !q}
 W - 3 potions of mutation {unknown}
 X - 2 potions of resistance
 Y - 3 potions of heal wounds {unknown}
Miscellaneous
 b - a phantom mirror
   (You found it on level 1 of the Snake Pit)
 G - a box of beasts
   (You found it on level 8 of the Dungeon)


   Skills:
 - Level 14.0 Fighting
 - Level 6.0 Armour
 - Level 5.0 Dodging
 - Level 1.5 Stealth
 - Level 4.0 Shields
 + Level 13.9 Spellcasting
 + Level 13.8 Invocations
 - Level 12.0 Evocations


You couldn't memorise any spells.
You knew the following spells:

 Your Spells              Type           Power      Damage    Failure   Level
a - Orb of Destruction    Conj           42%        9d14      11%         7
b - Summon Ice Beast      Ice/Summ       100%       N/A       1%          4
c - Freezing Cloud        Conj/Ice/Air   53%        6-21      1%          6
d - Summon Guardian Gole  Hex/Summ       84%        N/A       1%          3
e - Summon Lightning Spi  Summ/Air       84%        N/A       1%          4
f - Yara's Violent Unrav  Hex/Tmut       42%        3d17      1%          5
g - Apportation           Tloc           100%       N/A       0%          1
h - Searing Ray           Conj           100%       3d7       1%          2
i - Conjure Flame         Conj/Fire      84%        6-21      1%          3
j - Ozocubu's Armour      Ice            100%       N/A       1%          3
z - Call Canine Familiar  Summ           84%        N/A       1%          3
B - Silence               Hex/Air        42%        N/A       1%          5
O - Summon Small Mammal   Summ           100%       N/A       0%          1
P - Call Imp              Summ           84%        N/A       1%          2
Your spell library was empty.

Dungeon Overview and Level Annotations

Branches:
Dungeon (15/15)            Temple (1/1) D:6            Lair (6/6) D:10
 Shoals (0/4) Lair:4        Snake (4/4) Lair:3        Slime (0/5) Lair:5
    Orc (2/2) D:11            Elf (0/3) Orc:2        Vaults (0/5) D:14
 Depths (0/5) D:15

Altars:
Ashenzari
Cheibriados
Dithmenos
Elyvilon
Fedhas
Gozag
Hepliaklqana
Kikubaaqudgha
Makhleb
Nemelex Xobeh
Okawaru
Qazlal
Ru
Sif Muna
Trog
Uskayaw
Vehumet
Wu Jian
Xom
Yredelemnul
Zin
The Shining One
Beogh
Jiyva

Shops:
D:8 :   D:10 [   D:12 !   D:13 *   D:15 ?   Orc:1 *   Orc:2 =[(*

Annotations:
D:9 Psyche
Lair:5 1 runed translucent door


Innate Abilities, Weirdness & Mutations

You are immune to sickness and miasma.
You are immune to poison.
Your flesh is very heat resistant. (rF++)
You are vulnerable to cold. (rC-)
You float through the air rather than walking.
You learn spells naturally, not from books.
Your magical power is your life essence.
You have superior vitality. (+4 HP)


Message History

Casting: Orb of Destruction (dangerous; 11% risk of failure)
Confirm with . or Enter, or press ? or * to list all spells.
Aiming: Orb of Destruction (dangerous; 11% risk of failure)
Press: ? - help, Shift-Dir - straight line, f/p - salamander
Aim: a salamander, wielding a +0 halberd The orb of destruction hits the salamander!!!
The salamander is almost dead.
The salamander hits you but does no damage.
Casting: Orb of Destruction (dangerous; 11% risk of failure)
Confirm with . or Enter, or press ? or * to list all spells.
Aiming: Orb of Destruction (dangerous; 11% risk of failure)
Press: ? - help, Shift-Dir - straight line, f/p - salamander
Aim: a salamander, wielding a +0 halberd (almost dead)
You miscast Orb of Destruction.
You are very lightly contaminated with residual magic.
Sparks fly from your hands!
The salamander hits you from afar with a +0 halberd.
You are engulfed in flames.
You resist.
Casting: Orb of Destruction (dangerous; 11% risk of failure)
Confirm with . or Enter, or press ? or * to list all spells.
Aiming: Orb of Destruction (dangerous; 11% risk of failure)
Press: ? - help, Shift-Dir - straight line, f/p - salamander
Aim: a salamander, wielding a +0 halberd (almost dead)
The wavering orb of destruction hits the salamander!!!
You blow up the salamander!
Your magical contamination has completely faded away.
A guardian serpent is nearby!
Casting: Orb of Destruction (dangerous; 11% risk of failure)
Confirm with . or Enter, or press ? or * to list all spells.
Aiming: Orb of Destruction (dangerous; 11% risk of failure)
Press: ? - help, Shift-Dir - straight line, f - guardian serpent
Aim: a guardian serpent (wandering, hasn't noticed you)
You miscast Orb of Destruction.
You are very lightly contaminated with residual magic.
You are blasted with magical energy!
The guardian serpent shouts!
The guardian serpent casts a spell at you.
The nagaraja blinks into view!
You block the nagaraja's attack. The nagaraja barely misses you.
The anaconda hisses angrily.
The nagaraja gestures at you while chanting.
You feel firmly anchored in space. The naga hits you but does no damage.
The naga barely misses you.
The nagaraja hits you from afar with a +0 halberd!
The guardian serpent casts a spell at you.
The naga blinks!
The nagaraja blinks! x2; The anaconda blinks!
The nagaraja spits poison at you.
The splash of poison hits you but does no damage.
You resist. The naga spits poison at you.
The splash of poison hits you but does no damage.
You resist. The nagaraja spits poison at you.
The splash of poison hits you but does no damage.
You resist. The anaconda closely misses you. You block the anaconda's attack.
The nagaraja hits you with a +0 whip! You block the nagaraja's attack.
The nagaraja casts a spell.
The nagaraja seems to speed up.
You block the anaconda's attack.
The anaconda bites you but does no damage.
The anaconda grabs you.
The anaconda bites you but does no damage.
The anaconda constricts you.
The anaconda's grasp on you weakens, but your attempt to escape fails.
The anaconda bites you. The anaconda constricts you.
The nagaraja hits you from afar with a +0 halberd!
The anaconda bites you! The anaconda constricts you.
The nagaraja mumbles some strange words.
The nagaraja seems to speed up.
The nagaraja hits you from afar with a +0 halberd!!
* * * LOW HITPOINT WARNING * * *
You are healed.
The anaconda bites you but does no damage.
The anaconda constricts you.
The nagaraja hits you but does no damage.
The nagaraja barely misses you.
The anaconda bites you but does no damage.
The anaconda constricts you.
You are healed.
The nagaraja barely misses you. The nagaraja casts a spell at you.
You feel more firmly anchored in space. The anaconda bites you!
The anaconda constricts you. The nagaraja closely misses you.
The nagaraja hits you from afar with a +0 halberd!!
The anaconda barely misses you. The anaconda constricts you.
The anaconda's grasp on you weakens, but your attempt to escape fails.
The anaconda bites you but does no damage.
The anaconda constricts you.
The nagaraja hits you from afar with a +0 halberd!
* * * LOW HITPOINT WARNING * * *
The nagaraja hits you with a +0 whip!
* * * LOW HITPOINT WARNING * * *
You are healed.
The anaconda bites you! The anaconda constricts you.
You block the nagaraja's attack. The nagaraja hits you with a +0 whip!
* * * LOW HITPOINT WARNING * * *
The anaconda bites you but does no damage.
* * * LOW HITPOINT WARNING * * *
The anaconda constricts you.
The nagaraja hits you from afar with a +0 halberd!!
* * * LOW HITPOINT WARNING * * *
The nagaraja hits you with a +0 whip!
You die...

#.............## .
####.......##..##
##†....###....
##)...###.....
##.##..##...#
####.####....# #....#
##..## ###.## #.## .
#)## ##@## .... ##.)##
#SN## ...#
##.#..#####NS)##.. #
##.###......N....... ..
####.## #..............
..
#....####.....#.........
##
#####..##..#####........
# ##....## #....#...
..## ##...# ....#####
#...


You could see 2 nagarajas, an anaconda, a guardian serpent and a naga.

Vanquished Creatures
  Saint Roka (Orc:2)
  Kirke (Snake:3)
  A nagaraja (Snake:4)
  A salamander tyrant (Snake:1)
  3 naga warriors
  A hydra (Lair:4)
  An anaconda (shapeshifter) (D:15)
  A catoblepas (Lair:6)
  4 anacondas
  A centaur warrior (D:15)
  A death yak (Lair:6)
  An orc high priest (Orc:2)
  6 naga sharpshooters
  A deep elf knight (Snake:1)
  3 shock serpents
  A sea snake (Lair:5)
  12 salamander mystics
  A deep elf archer (Snake:1)
  A necromancer (D:15)
  3 deep elf pyromancers (Orc:2)
  7 ugly things (D:15)
  A mana viper (Snake:4)
  An orc sorcerer (Orc:1)
  2 deep elf zephyrmancers (Orc:2)
  2 manticores
  A cyclops (D:11)
  2 centaur zombies
  16 salamanders
  Joseph (D:8)
  3 elephants
  2 cane toads (Lair:6)
  7 guardian serpents
  7 black mambas
  7 naga magi
  A yaktaur (D:14)
  4 komodo dragons
  A freezing wraith (D:15)
  3 polar bears
  2 trolls
  A raiju (Snake:1)
  A slime creature (D:14)
  4 blink frogs
  2 wraiths
  4 yaks
  A basilisk (shapeshifter) (D:15)
  Eustachio (D:5)
  A basilisk (Lair:4)
  A hog (Snake:3)
  A human (D:7)
  4 vampire mosquitoes
  A warg (Lair:2)
  An acid dragon (D:8)
  10 water moccasins
  20 nagas
  Duvessa (D:6)
  6 orc warriors
  3 necrophages
  3 black bears
  3 ogres (D:11)
  9 wolves
  3 boggarts (D:15)
  A lemure (D:5)
  12 centaurs
  8 bullfrogs
  3 kobold brigands
  2 scorpions (D:7)
  Dowan (D:6)
  2 howler monkeys
  2 bullfrog zombies
  A bullfrog skeleton (D:6)
  9 orc priests
  A centaur skeleton (D:5)
  A jelly (D:5)
  2 iguanas
  2 gnoll shamans
  8 orc wizards
  2 killer bee zombies
  5 gnolls
  3 howler monkey zombies
  6 adders
  A shadow imp (D:6)
  2 ufetubi (D:6)
  A dart slug (D:4)
  55 orcs
  2 ball pythons
  2 goblins
  2 hobgoblins
  15 kobolds
  A quokka (D:4)
  5 bats (D:1)
  2 frilled lizards (D:1)
  2 rats
357 creatures vanquished.

Vanquished Creatures (collateral kills)
  Jorgrun (D:13)
  A nagaraja (Snake:3)
  2 dire elephants (Snake:1)
  A yaktaur captain (D:14)
  3 naga warriors
  A boulder beetle (D:12)
  8 hydras
  4 catoblepae
  4 anacondas
  3 centaur warriors
  A death knight (D:12)
  2 two-headed ogres
  Urug (D:13)
  A shock serpent (Snake:1)
  8 death yaks
  3 naga sharpshooters (Snake:4)
  A deep troll (D:15)
  A necromancer (D:15)
  3 orc knights
  A phantasmal warrior (D:12)
  2 manticores
  3 mana vipers
  3 deep elf pyromancers (Orc:2)
  2 deep elf zephyrmancers (Orc:2)
  3 orc sorcerers (Orc:2)
  9 ugly things
  3 salamanders
  A cyclops (D:15)
  10 elephants
  A merfolk siren (Lair:4)
  6 naga magi
  20 black mambas
  A gargoyle (D:14)
  An unseen horror (D:11)
  6 cane toads
  2 guardian serpents
  A komodo dragon (Lair:6)
  2 yaktaurs
  A komodo dragon (shapeshifter) (D:14)
  A polar bear (Lair:6)
  2 trolls
  A hornet (D:9)
  A snapping turtle (Lair:3)
  12 blink frogs
  6 slime creatures
  A shadow (D:12)
  13 yaks
  2 basilisks
  A hog (Snake:3)
  4 vampire mosquitoes
  2 wargs (Orc:2)
  16 nagas
  An acid dragon (D:12)
  8 water moccasins
  24 orc warriors
  2 sky beasts
  A black bear (shapeshifter) (D:15)
  2 black bears (Lair:1)
  5 ogres
  24 wolves
  4 centaurs
  A kobold brigand (D:8)
  Blork the orc (Orc:2)
  A gnoll sergeant (D:8)
  2 bullfrogs
  A wyvern skeleton (D:7)
  5 howler monkeys
  A wight (D:8)
  10 orc priests
  13 orc wizards
  An iguana (D:5)
  6 gnolls
  3 adders
  A worm (D:2)
  A dart slug (D:3)
  43 orcs
  4 endoplasms
  4 goblins
  6 hobgoblins
  14 jackals
  5 ball pythons
  4 frilled lizards
  6 kobolds
  2 rats (D:1)
395 creatures vanquished.

Vanquished Creatures (others)
  Erolcha (D:12)
  A two-headed ogre (D:8)
  2 death yaks (Lair:6)
  A tengu warrior (D:15)
  Pikel (D:5)
  2 orc knights
  A manticore (D:11)
  A centaur zombie (D:11)
  A guardian serpent (shapeshifter) (D:15)
  A cane toad (shapeshifter) (D:8)
  3 freezing wraiths
  A komodo dragon (Lair:6)
  A troll (D:7)
  A wraith (D:11)
  11 yaks
  4 humans (D:7)
  7 orc warriors
  An ice beast (D:4)
  An ogre (D:4)
  A wyvern skeleton (D:5)
  2 wights (D:8)
  An orc priest (Orc:2)
  4 orcs
  26 fungi
  56 plants
132 creatures vanquished.

Grand Total: 884 creatures vanquished

Notes
Turn   | Place    | Note
-------+----------+-------------------------------------------
     0 | D:1      | EnegeticOcto the Djinni Summoner began the quest for the
                  | Orb.
     0 | D:1      | Reached XP level 1. HP: 15/15 MP: 0/0
   813 | D:1      | Reached XP level 2. HP: 15/21 MP: 0/0
   910 | D:1      | Reached skill level 4 in Spellcasting
  1726 | D:1      | Reached XP level 3. HP: 15/25 MP: 0/0
  1726 | D:1      | Learned a level 1 spell: Apportation
  3613 | D:3      | Found a faded altar of an unknown god.
  3698 | D:3      | Found a hazy altar of Hepliaklqana.
  3711 | D:3      | Reached XP level 4. HP: 25/31 MP: 0/0
  4060 | D:3      | Reached skill level 5 in Spellcasting
  5070 | D:4      | Noticed a necrophage
  5107 | D:4      | Killed a necrophage
  5108 | D:4      | Reached skill level 1 in Fighting
  5108 | D:4      | Reached XP level 5. HP: 34/38 MP: 0/0
  5108 | D:4      | Learned a level 2 spell: Searing Ray
  5140 | D:4      | Reached skill level 2 in Fighting
  5142 | D:4      | Noticed an ogre
  5161 | D:4      | Killed an ogre
  5162 | D:4      | Reached XP level 6. HP: 45/45 MP: 0/0
  5171 | D:4      | Noticed a necrophage
  5186 | D:4      | Killed a necrophage
  5187 | D:4      | Reached skill level 3 in Fighting
  5244 | D:4      | Noticed an ice beast
  5264 | D:4      | Killed an ice beast
  5265 | D:4      | Reached skill level 6 in Spellcasting
  5265 | D:4      | Reached XP level 7. HP: 51/51 MP: 0/0
  5265 | D:4      | Learned a level 3 spell: Conjure Flame
  5321 | D:4      | Found a blossoming altar of Fedhas.
  5369 | D:4      | Found an ornate altar of the Wu Jian Council.
  5407 | D:4      | Found an iron altar of Okawaru.
  5524 | D:4      | Reached skill level 4 in Fighting
  5546 | D:5      | Entered Level 5 of the Dungeon
  5841 | D:5      | Noticed Pikel
  5859 | D:5      | Killed Pikel
  5860 | D:5      | Reached skill level 6 in Fighting
  5860 | D:5      | Reached skill level 7 in Spellcasting
  5860 | D:5      | Reached XP level 8. HP: 45/62 MP: 0/0
  6019 | D:5      | Reached skill level 7 in Fighting
  6027 | D:5      | Found a shadowy altar of Dithmenos.
  6126 | D:5      | Noticed Eustachio
  6158 | D:5      | Killed Eustachio
  6484 | D:6      | Noticed Duvessa
  6484 | D:6      | Noticed Dowan
  6505 | D:6      | Killed Dowan
  6506 | D:6      | Reached skill level 8 in Fighting
  6511 | D:6      | Killed Duvessa
  6557 | D:6      | Reached XP level 9. HP: 71/71 MP: 0/0
  6557 | D:6      | Learned a level 3 spell: Ozocubu's Armour
  6588 | D:6      | Found a glowing silver altar of Zin.
  6835 | D:6      | Reached skill level 9 in Fighting
  6924 | D:6      | Found a shimmering altar of Xom.
  6925 | D:6      | Found a staircase to the Ecumenical Temple.
  6948 | Temple   | Entered the Ecumenical Temple
  6978 | Temple   | Became a worshipper of Elyvilon the Healer
  7661 | D:7      | Reached skill level 10 in Fighting
  7666 | D:7      | Reached skill level 1 in Invocations
  7675 | D:7      | Found a stormy altar of Qazlal.
  7735 | D:7      | Noticed a troll
  7743 | D:7      | Killed a troll
  7744 | D:7      | Reached skill level 2 in Invocations
  7835 | D:7      | Reached * piety under Elyvilon
  7835 | D:7      | Found a bloodstained altar of Trog.
  7944 | D:7      | Reached skill level 3 in Invocations
  8113 | D:7      | Reached skill level 4 in Invocations
  8113 | D:7      | Reached XP level 10. HP: 67/80 MP: 0/0
  8171 | D:7      | Reached skill level 8 in Spellcasting
  8323 | D:7      | Reached skill level 5 in Invocations
  8663 | D:8      | Noticed Joseph
  8678 | D:8      | Killed Joseph
  8744 | D:8      | Found a broken altar of Ashenzari.
  8827 | D:8      | Reached skill level 6 in Invocations
  8856 | D:8      | Noticed a white ugly thing
  8859 | D:8      | Noticed a two-headed ogre
  8878 | D:8      | Killed a white ugly thing
  8879 | D:8      | Reached skill level 1 in Armour
  8888 | D:8      | Killed a two-headed ogre
  8889 | D:8      | Reached skill level 2 in Armour
  8889 | D:8      | Reached skill level 3 in Dodging
  8889 | D:8      | Noticed a cane toad
  8897 | D:8      | Killed a cane toad
  9141 | D:8      | Found a hide-covered altar of Uskayaw.
  9290 | D:8      | Reached skill level 4 in Dodging
  9300 | D:8      | Reached skill level 3 in Armour
  9409 | D:8      | Reached ** piety under Elyvilon
  9416 | D:8      | Found Hakk's Book Emporium.
  9842 | D:9      | Reached skill level 1 in Shields
 10202 | D:9      | Noticed Psyche
 10504 | D:10     | Entered Level 10 of the Dungeon
 10609 | D:10     | Reached skill level 2 in Shields
 10651 | D:10     | Reached skill level 4 in Armour
 10668 | D:10     | Reached skill level 5 in Dodging
 10668 | D:10     | Reached XP level 11. HP: 65/85 MP: 0/0
 10668 | D:10     | Learned a level 5 spell: Yara's Violent Unravelling
 10733 | D:10     | Identified the +3 hand axe "Goadic" {drain, Will+ Str+2
                  | Int+4}
 10749 | D:10     | Found a staircase to the Lair.
 10780 | D:10     | Reached *** piety under Elyvilon
 11038 | D:10     | Reached skill level 3 in Shields
 11038 | D:10     | Reached skill level 9 in Spellcasting
 11194 | D:10     | Found Neneol's Armour Shop.
 11253 | D:10     | Bought a +1 pair of gloves for 195 gold pieces
 11371 | D:11     | Noticed a manticore
 11384 | D:11     | Killed a manticore
 11385 | D:11     | Reached skill level 5 in Armour
 11498 | D:11     | Reached skill level 4 in Shields
 11593 | D:11     | Noticed a cyclops
 11601 | D:11     | Killed a cyclops
 11627 | D:11     | Found a staircase to the Orcish Mines.
 11804 | D:11     | Reached **** piety under Elyvilon
 12168 | Lair:1   | Entered Level 1 of the Lair of Beasts
 12177 | Lair:1   | Reached skill level 6 in Armour
 12860 | Lair:1   | Reached ***** piety under Elyvilon
 13405 | Lair:2   | Reached skill level 7 in Invocations
 13455 | Lair:2   | Found the +7 sceptre of Torment {pain, torment}
 13516 | Lair:2   | Reached skill level 10 in Spellcasting
 13541 | Lair:2   | Identified the +8 short sword "Umomujeg" {freeze, rF++
                  | Str+2}
 13635 | Lair:2   | Noticed Maggie
 13638 | Lair:2   | Noticed Maggie
 13638 | Lair:2   | Maggie changed into Maggie the warg
 13644 | Lair:2   | Killed Maggie the warg
 13711 | Lair:2   | Noticed a seven-headed hydra
 13724 | Lair:2   | Killed a seven-headed hydra
 13725 | Lair:2   | Reached skill level 8 in Invocations
 13752 | Lair:2   | Reached XP level 12. HP: 72/91 MP: 0/0
 13815 | Lair:2   | Identified the +5 flail of the Howling Sybil {holy, Fragile
                  | rC+++ Str+4 SInv}
 14486 | Lair:3   | Reached skill level 1 in Evocations
 14536 | Lair:3   | Noticed an eight-headed hydra
 14549 | Lair:3   | Killed an eight-headed hydra
 14550 | Lair:3   | Reached skill level 9 in Invocations
 14590 | Lair:3   | Found a staircase to the Snake Pit.
 14600 | Lair:3   | Reached skill level 2 in Evocations
 14644 | Lair:3   | Reached skill level 3 in Evocations
 15069 | Lair:3   | Noticed a seven-headed hydra
 15075 | Lair:3   | Killed a seven-headed hydra
 15076 | Lair:3   | Reached skill level 4 in Evocations
 15132 | Lair:3   | Noticed Nergalle
 15520 | Lair:3   | Noticed Nergalle
 15520 | Lair:3   | Nergalle changed into Nergalle the snapping turtle
 15670 | Lair:3   | Killed Nergalle the snapping turtle
 15727 | Lair:4   | Reached ****** piety under Elyvilon
 15913 | Lair:4   | Noticed an eight-headed hydra
 15921 | Lair:4   | Killed an eight-headed hydra
 15959 | Lair:4   | Noticed a five-headed hydra
 15965 | Lair:4   | Killed a five-headed hydra
 16101 | Lair:4   | Reached skill level 5 in Evocations
 16117 | Lair:4   | Noticed a five-headed hydra
 16124 | Lair:4   | Killed a five-headed hydra
 16227 | Lair:4   | Noticed a death yak
 16227 | Lair:4   | Noticed a death yak
 16227 | Lair:4   | Noticed a death yak
 16228 | Lair:4   | Noticed a death yak
 16228 | Lair:4   | Noticed a death yak
 16230 | Lair:4   | Noticed a death yak
 16237 | Lair:4   | Killed a death yak
 16283 | Lair:4   | Killed a death yak
 16290 | Lair:4   | Killed a death yak
 16302 | Lair:4   | Killed a death yak
 16303 | Lair:4   | Reached skill level 6 in Evocations
 16304 | Lair:4   | Killed a death yak
 16307 | Lair:4   | Killed a death yak
 16393 | Lair:4   | Reached skill level 11 in Fighting
 16541 | Lair:4   | Reached XP level 13. HP: 82/99 MP: 0/0
 16541 | Lair:4   | Learned a level 5 spell: Silence
 16560 | Lair:4   | Found a staircase to the Shoals.
 17079 | Lair:4   | Identified the +7 chain mail of the Gate {Rampage Dex+7}
 17338 | Lair:5   | Found a runed translucent door.
 17340 | Lair:5   | Found a viscous altar of Jiyva.
 17412 | Lair:5   | Reached skill level 11 in Spellcasting
 17447 | Lair:5   | Noticed Nessos
 17448 | Lair:5   | Noticed Nessos
 17448 | Lair:5   | Nessos changed into Nessos the sea snake
 17458 | Lair:5   | Killed Nessos the sea snake
 17633 | Lair:5   | Found a staircase to the Slime Pits.
 17946 | Lair:5   | Identified a scroll of acquirement
 17946 | Lair:5   | Acquired the +2 hat of the Echidna {rN+ Int+4}
 17967 | Lair:6   | Entered Level 6 of the Lair of Beasts
 18295 | Lair:6   | Reached skill level 12 in Fighting
 18367 | Lair:6   | Found a blossoming altar of Fedhas.
 18788 | Lair:6   | Reached skill level 12 in Spellcasting
 19455 | D:12     | Noticed Erolcha
 19461 | D:12     | Killed Erolcha
 19507 | D:12     | Reached skill level 13 in Fighting
 19592 | D:12     | Found Nygg's Distillery.
 19610 | D:12     | Bought a potion of lignification for 48 gold pieces
 19836 | Orc:1    | Entered Level 1 of the Orcish Mines
 19908 | D:11     | Reached XP level 14. HP: 102/110 MP: 0/0
 20469 | Orc:1    | Found Ibiama's Mass Market.
 20582 | Orc:2    | Entered Level 2 of the Orcish Mines
 20582 | Orc:2    | Found Soudeyl's Jewellery Shop.
 20582 | Orc:2    | Noticed Saint Roka
 20583 | Orc:2    | Noticed Blork the orc
 20585 | Orc:2    | Found a staircase to the Elven Halls.
 21518 | Orc:2    | Killed Saint Roka
 21575 | Orc:2    | Killed Blork the orc
 21709 | Orc:2    | Reached skill level 13 in Spellcasting
 21717 | Orc:2    | Reached skill level 14 in Fighting
 21742 | Orc:2    | Found Myly's Antique Armour Shop.
 21826 | Orc:2    | Found Edinotre's General Store.
 21965 | Orc:2    | Found Xesomyss's Antique Weapon Shop.
 22168 | Orc:2    | Bought a wand of iceblast (9) for 156 gold pieces
 22168 | Orc:2    | Bought a scroll of magic mapping for 42 gold pieces
 22184 | Orc:2    | Bought an embroidered cloak for 210 gold pieces
 22216 | Orc:2    | Bought a fine trident for 195 gold pieces
 22216 | Orc:2    | Identified the +3 trident of Exoneration {venom, rF+ rN++
                  | Int+4 Dex-3} (You bought it in a shop on level 2 of the
                  | Orcish Mines)
 22217 | Orc:2    | Bought a dazzling dagger for 161 gold pieces
 22217 | Orc:2    | Identified the +10 dagger "Fish" {elec, *Rage +Blink rElec
                  | Str+5} (You bought it in a shop on level 2 of the Orcish
                  | Mines)
 22568 | D:13     | Noticed Jorgrun
 22585 | D:13     | Killed Jorgrun
 22632 | D:13     | Noticed Urug
 22646 | D:13     | Killed Urug
 22897 | D:13     | Found Hievot's Assorted Antiques.
 22904 | D:13     | Bought a cyan potion for 29 gold pieces
 22904 | D:13     | Bought a wand of iceblast (11) for 132 gold pieces
 23132 | D:14     | Found a gate to the Vaults.
 23581 | D:15     | Entered Level 15 of the Dungeon
 23737 | D:15     | Reached skill level 14 in Spellcasting
 23898 | D:15     | Reached skill level 10 in Invocations
 23898 | D:15     | Reached XP level 15. HP: 89/117 MP: 0/0
 23898 | D:15     | Learned a level 6 spell: Freezing Cloud
 23998 | D:15     | Found Zucvol's Magic Scroll Boutique.
 24004 | D:15     | Bought a scroll of immolation for 49 gold pieces
 24004 | D:15     | Bought a scroll of blinking for 105 gold pieces
 24004 | D:15     | Bought a scroll of acquirement for 728 gold pieces
 24004 | D:15     | Bought a scroll of fear for 49 gold pieces
 24253 | D:15     | Found a sparkling altar of Nemelex Xobeh.
 24271 | D:15     | Found a staircase to the Depths.
 24480 | D:15     | Acquired a manual of Evocations
 24700 | Snake:1  | Entered Level 1 of the Snake Pit
 24860 | Snake:1  | Reached skill level 11 in Invocations
 24909 | Snake:1  | Reached skill level 7 in Evocations
 25011 | Snake:1  | Reached skill level 8 in Evocations
 25219 | Snake:1  | Reached skill level 9 in Evocations
 25638 | Snake:1  | Reached skill level 12 in Invocations
 25646 | Snake:1  | Reached skill level 10 in Evocations
 26038 | Snake:2  | Reduced skill Spellcasting to level 12
 26038 | Snake:2  | Upgraded the game from 0.27-a0-1147-gb3d8e82157 to
                  | 0.27-a0-1154-gfdeffcb720
 26038 | Snake:2  | Reached XP level 16. HP: 123/123 MP: 0/0
 26038 | Snake:2  | Upgraded the game from 0.27-a0-1154-gfdeffcb720 to
                  | 0.27-a0-1177-g245c70e1c0
 26053 | Snake:2  | Reached skill level 13 in Spellcasting
 26832 | Snake:3  | Reached skill level 11 in Evocations
 27308 | Snake:3  | Reached skill level 12 in Evocations
 27373 | Snake:3  | Noticed Kirke
 27380 | Snake:3  | Killed Kirke
 27418 | Snake:3  | Reached skill level 13 in Invocations
 28434 | Snake:4  | Entered Level 4 of the Snake Pit
 28515 | Snake:4  | Noticed a nagaraja
 28539 | Snake:4  | Noticed a nagaraja
 28558 | Snake:3  | Killed a nagaraja
 28656 | Snake:4  | Reached XP level 17. HP: 92/129 MP: 0/0
 28656 | Snake:4  | Learned a level 7 spell: Orb of Destruction
 28918 | Snake:4  | Slain by a nagaraja

Illustrated notes

Levels and vault maps discovered:
D:1:      psy_arrival_fountain, layout_rooms, serial_forest,
          infiniplex_forest_clump_diagonal, infiniplex_forest_zigzag_2,
          infiniplex_forest_clump_curved, infiniplex_forest_fountain,
          infiniplex_forest_clump_C, infiniplex_forest_clump_double,
          infiniplex_forest_lined_corner, infiniplex_forest_straight_4
D:2:      minmay_wonky_spiral, layout_basic
D:3:      minmay_octagon_keep, layout_loops_ring,
          nicolae_hepliaklqana_hazy_memory, hellmonk_ecumenical_altar_zigzags,
          kennysheep_flooded_box, minmay_circle_x
D:4:      layout_rooms, nicolae_overflow_quartered_altars
D:5:      layout_basic, grunt_dithmenos_smoke, uniq_pikel, uniq_eustachio
D:6:      layout_loops_ring, pf_just_have_faith, zin_academy,
          minmay_temple_entry_mist, uniq_duvessa
D:7:      layout_basic, old_standard_altar, trog_book, minmay_misc_feat_rugged,
          grunt_ministairs_13, hangedman_decor_clover_reticule, minmay_ruffians
D:8:      layout_loops_ring, lemuel_tele_altar, old_standard_altar,
          serial_shops, shop, minmay_radiant, uniq_joseph
D:9:      layout_roguey [special_room_orc], kennysheep_mini_moat, uniq_psyche
D:10:     layout_basic, lair_entry_dummy, kennysheep_windowed_goal
D:11:     layout_basic, hiddenorc2_lemuel
D:12:     layout_big_octagon, serial_shops,
          nicolae_shop_temple_entry_statues_fountains, uniq_erolcha
D:13:     layout_rooms, serial_shops, nicolae_shop_competitors_out_of_business,
          uniq_urug, uniq_jorgrun
D:14:     layout_small_grid, david_vaults_2, dk_noncrumbling_3
D:15:     hangedman_depths_entry_civil_slaughter, layout_cave_pools,
          serial_shops, nicolae_shop_behind_doors, serial_park_avenue1,
          nemelex_xobeh_ov_fountains_minmay
Temple:   chequers_temple_sunken
Lair:1:   layout_layer_cave, minivault_24, beast_lair_carwin_5,
          lemuel_fruit_tree
Lair:2:   layout_small_grid, grunt_megastairs_2, uniq_maggie
Lair:3:   layout_gridlike, minmay_snake_entry_six_corridors, serial_forest,
          infiniplex_forest_corner_1, infiniplex_forest_split,
          infiniplex_forest_end_1, infiniplex_forest_clump_C,
          infiniplex_forest_zigzag_1, infiniplex_forest_clump_long,
          infiniplex_forest_side_room, infiniplex_forest_clump_diagonal,
          uniq_nergalle
Lair:4:   layout_small_grid, elwin_shoals_entry_rooms
Lair:5:   layout_layer_cave, slime_altar_2, uniq_nessos
Lair:6:   evilmike_catoblepas_cave, layout_hall_layers, basic_altar
Snake:1:  cheibrodos_snake_lava_hold, layout_misc_corridors,
          serial_bayou_pond_e, beargit_elvish_explorers
Snake:2:  layout_grid_shapes
Snake:3:  layout_layer_cave, statue_in_the_mist_lemuel,
          hangedman_snake_corridor_cut, uniq_kirke
Snake:4:  grunt_snake_rune_serpentine_throne, layout_layer_cave, abandoned_shop,
          st_stairs_6, uniq_louise, uniq_saint_roka, uniq_mara, uniq_vashnia,
          uniq_roxanne
Orc:1:    layout_caves, minmay_shop_mass
Orc:2:    grunt_orc_cross, layout_diamond_mine, elves_outpost_lemuel

Skill      XL: |  1  2  3  4  5  6  7  8  9 10 11 12 13 14 15 16 |
---------------+-------------------------------------------------+-----
Spellcasting   | 4 5 6 7 8 10 12 14 12 13 | 13.9
Fighting       | 1 2 3 6 8 10 11 13 14 | 14.0
Invocations    | 4 6 8 9 10 12 13 | 13.8
Armour         | 4 6 |  6.0
Dodging        | 5 |  5.0
Shields        | 2 4 |  4.0
Evocations     | 6 10 12 | 12.0
Stealth        | |  1.5

Action                   |  1- 3 |  4- 6 |  7- 9 | 10-12 | 13-15 | 16-18 || total
-------------------------+-------+-------+-------+-------+-------+-------++-------
Melee: Short sword       |    60 |       |       |       |       |       ||    60
       Unarmed           |     1 |       |       |       |       |       ||     1
       Great sword       |     5 |    13 |       |       |       |       ||    18
       Trident           |       |    26 |   119 |   522 |   373 |       ||  1040
       Hand axe          |       |     3 |       |       |       |       ||     3
       Staff             |       |       |       |       |     6 |    17 ||    23
Throw: Dart              |    12 |       |       |       |       |       ||    12
 Cast: Summon Small Mamm |    29 |       |     1 |       |       |       ||    30
       Call Imp          |    35 |     7 |     6 |       |       |       ||    48
       Call Canine Famil |       |     6 |    14 |     5 |    42 |       ||    67
       Summon Guardian G |       |     8 |    18 |    16 |    24 |       ||    66
       Searing Ray       |       |     2 |    14 |     4 |     2 |     2 ||    24
       Summon Ice Beast  |       |       |       |   142 |   241 |    85 ||   468
       Summon Lightning  |       |       |       |       |     8 |       ||     8
       Silence           |       |       |       |       |     2 |       ||     2
       Freezing Cloud    |       |       |       |       |    60 |    69 ||   129
       Yara's Violent Un |       |       |       |       |     7 |       ||     7
       Orb of Destructio |       |       |       |       |       |    13 ||    13
Invok: Lesser Healing    |       |       |       |    34 |    53 |     9 ||    96
       Greater Healing   |       |       |       |       |     4 |    19 ||    23
       Heal Other        |       |       |       |       |     1 |     1 ||     2
Evoke: Wand              |       |       |       |    10 |    10 |     2 ||    22
       Box of beasts     |       |       |       |       |     2 |       ||     2
  Use: Scroll            |     1 |       |     9 |    10 |    17 |     6 ||    43
 Stab: Sleeping          |     1 |       |     4 |       |       |       ||     5
       Distracted        |       |       |       |     3 |     9 |       ||    12
Armor: Robe              |    25 |     7 |    18 |       |       |       ||    50
       Ring mail         |       |       |       |   267 |   270 |    67 ||   604
Dodge: Dodged            |    76 |    36 |    74 |   334 |   275 |    71 ||   866
Block: Buckler           |       |       |       |   107 |   150 |    26 ||   283
       Rpst.: Great sword |     3 |     5 |       |       |       |       ||     8

Table legend: (Time is in decaauts)
 A = Elapsed time spent in this place.
 B = Non-inter-level travel time spent in this place.
 C = Inter-level travel time spent in this place.
 D = Time resting spent in this place.
 E = Time spent auto-exploring this place.
 F = Levels seen in this place.
 G = Mean time per level.
                   A        B        C        D        E       F      G
               +--------+--------+--------+--------+--------+-----+--------+
         Total |  29349 |  27932 |   1417 |   1606 |  19868 |  28 | 1048.2 |
       Dungeon |  15596 |  14934 |    662 |   1203 |  10329 |  15 | 1039.7 |
        Temple |     57 |     31 |     26 |      0 |      0 |   1 |   57.0 |
          Lair |   7341 |   6922 |    419 |    161 |   5433 |   6 | 1223.5 |
     Snake Pit |   4245 |   4095 |    150 |      7 |   3004 |   4 | 1061.2 |
  Orcish Mines |   2108 |   1949 |    159 |    235 |   1102 |   2 | 1054.0 |
               +--------+--------+--------+--------+--------+-----+--------+

Top non-repeatable levels by time:
     D:1: 2027 daAuts
 Snake:3: 1847 daAuts
   Orc:2: 1459 daAuts
  Lair:4: 1444 daAuts
     D:3: 1405 daAuts
     D:2: 1365 daAuts
    D:11: 1301 daAuts
  Lair:1: 1280 daAuts
  Lair:6: 1237 daAuts
  Lair:2: 1237 daAuts
  Lair:3: 1237 daAuts
 Snake:1: 1180 daAuts
     D:7: 1146 daAuts
     D:8: 1074 daAuts
     D:6: 993 daAuts
